 Dungeon Crawl Stone Soup version 0.18-a0-455-gc7d4c65 (webtiles) character file.

20 4thArraOfDagon the Insei (level 2, 9/24 HPs)
             Began as a Mummy Monk on Dec 1, 2015.
             Quit the game on level 8 of the Dungeon.
             The game lasted 00:04:24 (901 turns).

4thArraOfDagon the Insei (Mummy Monk)                Turns: 901, Time: 00:04:24

Health: 9/24       AC:  6    Str: 14    XL:     2   Next: 58%
Magic:  2/2        EV: 11    Int: 15    God:
Gold:   0          SH:  0    Dex: 11    Spells: 0 memorised, 1 level left

rFire  x . .     SeeInvis .       - Unarmed
rCold  + . .     Clarity  .     b - +1 ring mail of the Stars {rCorr Int+6 Dex-3} (curse)
rNeg   + + +     SustAt   .     (no shield)
rPois  ∞         Gourm    .     (no helmet)
rElec  .         Spirit   .     (no cloak)
rCorr  +         Dsmss    .     (no gloves)
rMut   .         Stasis   .     (no boots)
MR     .....                    (no amulet)
Stlth  +.........               (no ring)
                                (no ring)

@: not resistant to hostile enchantments, very unstealthy
A: no food or potions, fire vulnerability, cold resistance 1, negative energy
resistance 3, torment resistance, unbreathing
a: no special abilities


You were on level 8 of the Dungeon.
You were not hungry.

You visited 1 branch of the dungeon, and saw 8 of its levels.

Inventory:

Armour
 b - the cursed +1 ring mail of the Stars (worn) {rCorr Int+6 Dex-3}
   (You found it on level 4 of the Dungeon)

   It affects your intelligence (+6).
   It affects your dexterity (-3).
   It protects you from acid and corrosion.
   It has a curse placed upon it.
Scrolls
 c - a scroll of identify
Potions
 a - a potion of brilliance {unknown}


   Skills:
 + Level 3.1 Fighting
 + Level 0.2 Armour
 + Level 2.6 Dodging
 + Level 1.9 Stealth
 * Level 3.5 Unarmed Combat


You had one spell level left.
You didn't know any spells.

Dungeon Overview and Level Annotations

Branches:
Dungeon (8/15)
 Temple: D:4-7         Lair: D:8-11

Altars:
Ashenzari
Ru
Trog
Zin

Shops:
D:4 (   D:8 [

Annotations:
D:5 M4edhros's ghost, amateur OpAr


Innate Abilities, Weirdness & Mutations

You do not eat or drink.
Your flesh is vulnerable to fire.
You are immune to poison.
Your flesh is cold resistant.
You are immune to negative energy.
You are immune to unholy pain and torment.
You can survive without breathing.


Message History

The centaur zombie barely misses you. The worker ant bites you.
The giant frog hits you but does no damage.
Unknown command.
The centaur zombie misses you. The giant frog hits you.
The centaur zombie hits you but does no damage.
Unknown command.
The giant frog hits you but does no damage.
Unknown command.
Unknown command.
Unknown command. 2 killer bees come into view.
The killer bee buzzes angrily.
A killer bee comes into view.
A killer bee comes into view.
The killer bee buzzes angrily.
The killer bee moves out of view.
A killer bee comes into view.
There is an entrance to Eriuhiss's Armour Emporium here.
Unknown command.
Are you sure you want to abandon this character and quit the game? (Confirm with "yes".)

## . ######. ...
#......#####...#
.......#<.....#
...........##.#
.........####.####.
......a.#8.8.8.....
.(>.....#F⌠.⌠..#
..$.....Z8z@.8##
#........a⌠.⌠.#
##.......8.8.8#
...#...###...yy.
###..## ###......
#.# .#..y.y #.
##..y.. . .....


You could see a giant frog, a worker ant, 5 killer bees, a wight and a centaur
zombie.

Vanquished Creatures
  2 adder skeletons
  A worm (D:4)
  An orc (D:6)
  A bat (D:2)
  2 giant cockroaches
  A goblin (D:1)
  2 quokkas (D:4)
  A rat (D:1)
11 creatures vanquished.

Notes
Turn   | Place    | Note
--------------------------------------------------------------
     0 | D:1      | 4thArraOfDagon the Mummy Monk began the quest for the Orb.
     0 | D:1      | Reached XP level 1. HP: 18/18 MP: 1/1
   434 | D:4      | Noticed an iguana
   434 | D:4      | Noticed a worker ant
   455 | D:4      | Found a sacrificial altar of Ru.
   455 | D:4      | Found a glowing silver altar of Zin.
   459 | D:4      | Found a shattered altar of Ashenzari.
   459 | D:4      | Found a bloodstained altar of Trog.
   463 | D:4      | Got a smelly ring mail
   474 | D:4      | Identified the cursed +1 ring mail of the Stars {rCorr Int+6 Dex-3} (You found it on level 4 of the Dungeon)
   475 | D:4      | :(
   497 | D:4      | Reached XP level 2. HP: 2/24 MP: 2/2
   632 | D:4      | Found Qeotanol's Antique Weapon Boutique.
   634 | D:4      | :(
   774 | D:5      | Entered Level 5 of the Dungeon
   794 | D:5      | Noticed M4edhros's ghost (amateur OpAr)
   811 | D:6      | mapp?
   812 | D:6      | Noticed a sky beast
   822 | D:6      | Noticed an ice beast
   884 | D:7      | Noticed a wight
   885 | D:7      | Noticed a wight
   889 | D:7      | Noticed a wight
   892 | D:8      | Noticed a giant frog
   893 | D:8      | Found Eriuhiss's Armour Emporium.
   899 | D:8      | Noticed a killer bee
   899 | D:8      | Noticed a killer bee
   900 | D:8      | Noticed a killer bee
   900 | D:8      | Noticed a killer bee
   901 | D:8      | Noticed a killer bee
   901 | D:8      | Quit the game

Vault maps used:
D:1:      dpeg_arrival_tiny_b, serial_park_tiny_2, minmay_vboxes
D:2:      kennysheep_nub, uniq_crazy_yiuf_cottage, uniq_sigmund
D:3:      first_bread, uniq_grinder
D:4:      grunt_temple_overflow_open, serial_shops, nicolae_shop_trees,
          glass_columns_a, nrook_loot_triangle, grunt_ministairs_7,
          small_statue_intersection, hangedman_decor_diamond_cutter
D:5:      old_forge, lemuel_round_altar, nicolae_ossuary_entry_false_entrances,
          lemuel_old_faithful
D:6:      kiku_gazebo_garden_becter, nemelex_deck, minmay_temple_entry_fiery,
          minmay_misc_feat_pillars, hex_large, uniq_duvessa, uniq_pikel
D:7:      the_bakery, eino_small_chamber_without_monster,
          minmay_tree_intersection, hangedman_feature_mirror
D:8:      lair_0_dummy, serial_shops,
          nicolae_shop_temple_entry_statues_fountains

Action                   || total
-------------------------++-------
Melee: Unarmed           ||    48
  Use: Scroll            ||     3
 Stab: Sleeping          ||     2
